 Dungeon Crawl Stone Soup version 0.29-a0-757-g358383bc75 (webtiles) character file.

Game seed: 2101266929574813399

121 Mgcat the Trooper (level 5, -1/57 HPs)
             Began as an Ogre Fighter on June 30, 2022.
             Slain by a black bear (3 damage)
             ... on level 2 of the Dungeon.
             The game lasted 00:03:01 (2377 turns).

Mgcat the Trooper (Ogre Fighter)                    Turns: 2377, Time: 00:03:02

Health: -1/57      AC:  3    Str: 22    XL:     5   Next: 5%
Magic:  5/5        EV: 10    Int:  9    God:
Gold:   82         SH:  0    Dex:  8    Spells: 4/4 levels left

rFire   . . .      SeeInvis .   d - +2 spear (venom)
rCold   . . .      Faith    .   (no shield)
rNeg    . . .      Spirit   .   b - +0 robe
rPois   .          Reflect  .   (helmet restricted)
rElec   .          Harm     .   (no cloak)
rCorr   .          Rampage  .   (gloves unavailable)
Will    .....                   (boots unavailable)
Stlth   +.........              (no amulet)
HPRegen 0.19/turn               (no ring)
MPRegen 0.09/turn               (no ring)

@: no status effects
A: large, unfitting armour, tough skin 1
a: no special abilities


You were on level 2 of the Dungeon.
You visited 1 branch of the dungeon, and saw 3 of its levels.

You collected 82 gold pieces.

Inventory:

Hand Weapons
 a - a +0 war axe
 d - a +2 spear of venom (weapon)
   (You found it on level 2 of the Dungeon)
Armour
 b - a +0 robe (worn)
 c - a +0 kite shield
 m - a scarf of repulsion
   (You found it on level 2 of the Dungeon)
Scrolls
 e - a scroll of fog {unknown}
 g - a scroll of teleportation {unknown}
 h - a scroll of acquirement {unknown}
 i - a scroll of enchant weapon {unknown}
 j - 2 scrolls of identify {unknown}
Potions
 f - 2 potions of ambrosia {unknown}
 k - a potion of degeneration {unknown}
 l - a potion of attraction {unknown}


   Skills:
 + Level 5.1 Fighting
 * Level 3.8 Axes
 + Level 3.4 Dodging
 - Level 3.0 Shields


You had 4 spell levels left.
You didn't know any spells.
Your spell library contained the following spells:

 Spells                   Type           Power      Damage    Failure   Level
 Magic Dart               Conj           0%         1d3       38%         1
 Searing Ray              Conj           0%         2d4       52%         2
 Fulminant Prism          Conj/Hex       0%         3d6       99%         4


Dungeon Overview and Level Annotations

Branches:
Dungeon (3/15)

Altars:
Uskayaw


Innate Abilities, Weirdness & Mutations

You are too large for most types of armour.
You have tough skin. (AC +1)


Message History

You puncture the jackal!
You kill the jackal!
You reach to attack!
You hit the jackal.
The jackal is poisoned.
The jackal is heavily wounded.
You closely miss the jackal.
The jackal is heavily wounded.
The jackal barely misses you.
You hit the jackal.
You kill the jackal!
A hobgoblin comes into view.
A bat comes into view.
The bat moves out of view.
The black bear attacks as you move away!
The black bear bites you. The black bear claws you.
The black bear claws you but does no damage.
The hobgoblin attacks as you move away! The hobgoblin closely misses you.
The bat enters a dispersal trap!
The hobgoblin blinks!
You blink.
You take 5 damage, and have 52/57 hp.
The bat completely misses you. The bat hits you but does no damage.
The bat barely misses you. The bat barely misses you.
The bat hits you but does no damage. The bat barely misses you.
There is a stone staircase leading up here.
The bat closely misses you.
You climb upwards.
There is a stone staircase leading down here.
No target in view!
No target in view!
No target in view!
HP restored.
There is a stone staircase leading down here.
Health restored: 57 You climb downwards.
There is a stone staircase leading up here.
A hobgoblin is nearby!
A hobgoblin is nearby!
The hobgoblin barely misses you.
There is a stone staircase leading up here.
The hobgoblin barely misses you. The black bear bites you.
The black bear closely misses you. The black bear barely misses you.
You climb upwards.
There is a stone staircase leading down here.
You take 6 damage, and have 51/57 hp.
You hit the black bear but do no damage.
The black bear is poisoned.
The hobgoblin completely misses you. The black bear completely misses you.
The black bear barely misses you.
The black bear claws you but does no damage.
You hit the hobgoblin but do no damage. The hobgoblin barely misses you.
The black bear barely misses you. The black bear misses you.
The black bear claws you.
You take 2 damage, and have 49/57 hp.
You closely miss the hobgoblin. The hobgoblin barely misses you.
The black bear closely misses you. The black bear barely misses you. x2
You closely miss the hobgoblin. The hobgoblin completely misses you.
The black bear bites you!
The black bear claws you but does no damage.
The black bear claws you.
You take 9 damage, and have 41/57 hp.
You barely miss the hobgoblin. The hobgoblin closely misses you.
The black bear bites you! The black bear claws you.
The black bear closely misses you.
You take 9 damage, and have 32/57 hp.
You closely miss the hobgoblin. The hobgoblin completely misses you.
The black bear bites you.
The black bear claws you but does no damage.
The black bear barely misses you.
You take 6 damage, and have 26/57 hp.
You hit the hobgoblin.
The hobgoblin is poisoned.
The hobgoblin is heavily wounded.
The hobgoblin hits you. The black bear bites you.
The black bear claws you but does no damage. x2
You take 4 damage, and have 22/57 hp.
You barely miss the hobgoblin.
The hobgoblin is heavily wounded.
The hobgoblin hits you. The black bear closely misses you.
The black bear claws you. x2
You take 4 damage, and have 18/57 hp.
You puncture the hobgoblin!
You kill the hobgoblin!
The black bear bites you.
* * * LOW HITPOINT WARNING * * *
The black bear claws you.
* * * LOW HITPOINT WARNING * * *
The black bear claws you.
* * * LOW HITPOINT WARNING * * *
You take 4 damage, and have 14/57 hp.
You hit the black bear.
The black bear looks even sicker.
The black bear is moderately wounded.
The black bear bites you.
* * * LOW HITPOINT WARNING * * *
The black bear claws you.
* * * LOW HITPOINT WARNING * * *
The black bear barely misses you.
You take 4 damage, and have 10/57 hp.
The black bear attacks as you move away!
The black bear bites you!
* * * LOW HITPOINT WARNING * * *
The black bear claws you.
You die...

########## #........#
#.######.#
######.#...##.#######
#.....#....##..h@...#
#.####.#...########.#### ..#
#.##.## #.........# ÷##
#.##.# #.##..≈≈≈.# .# #.##.#
#.##..≈_≈.# .# #.##.#
#.###.≈≈≈.###### .##
#.##.####.###..........#
..####.##.)......#....#####.#
.......#######.#.##.#######.#


You could see a black bear (very poisoned).

Vanquished Creatures
  Robin (D:2)
  4 gnolls
  An adder (D:2)
  A worm (D:2)
  A dart slug (D:3)
  3 ball pythons
  3 bats (D:1)
  5 endoplasms
  A giant cockroach (D:2)
  16 goblins
  5 hobgoblins
  2 jackals (D:3)
  2 quokkas
  3 frilled lizards (D:2)
  3 kobolds
  2 rats
53 creatures vanquished.

Vanquished Creatures (others)
  4 plants (D:2)
4 creatures vanquished.

Grand Total: 57 creatures vanquished

Notes
Turn   | Place    | Note
-------+----------+-------------------------------------------
     0 | D:1      | Mgcat the Ogre Fighter began the quest for the Orb.
     0 | D:1      | Reached XP level 1. HP: 24/24 MP: 1/1
   192 | D:1      | Reached XP level 2. HP: 27/32 MP: 2/2
   847 | D:2      | HP: 7/33 [adder (2)]
   849 | D:2      | Reached skill level 3 in Dodging
   849 | D:2      | Reached XP level 3. HP: 6/40 MP: 3/3
   849 | D:2      | HP: 3/40 [rat (2)]
   850 | D:2      | HP: 1/40 [poisoned by an adder]
   864 | D:1      | HP: 8/40 [gnoll/+0 club (4)]
   865 | D:1      | HP: 2/40 [gnoll/+0 club (6)]
   867 | D:1      | Reached skill level 3 in Axes
  1292 | D:2      | Noticed Robin
  1328 | D:2      | Killed Robin
  1329 | D:2      | Reached XP level 4. HP: 35/49 MP: 4/4
  1729 | D:2      | Found a faded altar of an unknown god.
  1824 | D:2      | Reached skill level 5 in Fighting
  1827 | D:2      | HP: 12/50 [gnoll/+0 spear (4)]
  2315 | D:3      | Noticed a black bear
  2318 | D:3      | Found a hide-covered altar of Uskayaw.
  2321 | D:3      | Reached XP level 5. HP: 57/57 MP: 5/5
  2375 | D:2      | HP: 14/57 [black bear (2)]
  2377 | D:2      | HP: 2/57 [black bear (8)]
  2377 | D:2      | Slain by a black bear

Illustrated notes

Levels and vault maps discovered:
D:1:      mrwooster_arrival_arrow, layout_loops_ring
D:2:      minmay_diamond_boxcup, layout_loops_ring,
          hellmonk_ecumenical_altar_pennies_from_heaven, hex_large,
          st_stairs_12, nicolae_grassy_gnolls, uniq_robin
D:3:      layout_rooms, mainiacjoe_overflow_tiny_flanked,
          mainiacjoe_overflow_cross_hatched, minmay_misc_feat_doors

Skill      XL: |  1  2  3  4 |
---------------+-------------+-----
Dodging        | 3 |  3.4
Axes           | 3 |  3.8
Fighting       | 5 |  5.1
Shields        | |  3.0

Action                   |  1- 3 |  4- 6 || total
-------------------------+-------+-------++-------
Melee: War axe           |    67 |       ||    67
       Punch             |     1 |       ||     1
       Spear             |    18 |    70 ||    88
  Use: Potion            |     2 |       ||     2
 Stab: Sleeping          |     2 |       ||     2
Armor: Robe              |    25 |    12 ||    37
Dodge: Dodged            |    57 |    50 ||   107

Table legend: (Time is in decaauts)
 A = Elapsed time spent in this place.
 B = Non-inter-level travel time spent in this place.
 C = Inter-level travel time spent in this place.
 D = Time resting spent in this place.
 E = Time spent auto-exploring this place.
 F = Levels seen in this place.
 G = Mean time per level.
                   A        B        C        D        E       F      G
               +--------+--------+--------+--------+--------+-----+--------+
         Total |   2405 |   2273 |    132 |    674 |   1224 |   3 |  801.7 |
       Dungeon |   2405 |   2273 |    132 |    674 |   1224 |   3 |  801.7 |
               +--------+--------+--------+--------+--------+-----+--------+

Top non-repeatable levels by time:
     D:2: 1234 daAuts
     D:1: 1126 daAuts
     D:3: 44 daAuts

Table legend:
 A = Kills in this place as a percentage of kills in entire the game.
 B = Kills by you in this place as a percentage of kills by you in the entire game.
 C = Kills by friends in this place as a percentage of kills by friends in the entire game.
 D = Other kills in this place as a percentage of other kills in the entire game.
 E = Experience gained in this place as a percentage of experience gained in the entire game.
 F = Experience gained in this place divided by the number of levels of this place that you have seen.
                   A       B       C       D       E      F
               +-------+-------+-------+-------+-------+----------------------
         Total | 100.0 | 100.0 |   N/A |   N/A | 100.0 |  58.0
       Dungeon | 100.0 | 100.0 |   N/A |   N/A | 100.0 |  58.0
               +-------+-------+-------+-------+-------+----------------------
